 Dungeon Crawl Stone Soup version 0.29-a0-321-gf1c400731a (webtiles) character file.

Game seed: 15500375206373189815

4372 sizableburger the Carver (level 10, -6/87 HPs)
             Began as a Deep Elf Gladiator on Apr 5, 2022.
             Was an Initiate of Dithmenos.
             Mangled by an ogre
             ... wielding a +0 giant spiked club
              (15 damage)
             ... on level 8 of the Dungeon.
             The game lasted 00:20:11 (9978 turns).

sizableburger the Carver (Deep Elf Gladiator)       Turns: 9978, Time: 00:20:12

Health: -6/87      AC: 25    Str: 11    XL:     10   Next: 13%
Magic:  19/19      EV:  2    Int: 14    God:    Dithmenos [......]
Gold:   470        SH:  0    Dex: 20    Spells: 15/19 levels left

rFire   . . .      SeeInvis .   a - +1 long sword (vorpal)
rCold   . . .      Faith    .   (no shield)
rNeg    . . .      Spirit   .   (body armour currently unavailable)
rPois   +          Reflect  .   (helmet currently unavailable)
rElec   .          Harm     .   (cloak currently unavailable)
rCorr   .          Rampage  .   (gloves currently unavailable)
Will    +....      NoTele   +   (boots currently unavailable)
Stlth   ++........              (no amulet)
HPRegen 0.24/turn               v - ring of wizardry
MPRegen 0.16/turn               (no ring)

@: lethally poisoned (-6 -> -9), tree-form, slowed, very slow
A: stationary, stasis, torment immunity, boosted hp
a: Renounce Religion


You were on level 8 of the Dungeon.
You worshipped Dithmenos.
Dithmenos was noncommittal.
You were a tree.
You visited 2 branches of the dungeon, and saw 10 of its levels.
You also visited: Sewer.

You collected 470 gold pieces.

Inventory:

Hand Weapons
 a - a +1 vorpal long sword (weapon)
 p - a +4 dagger of draining
Missiles
 f - 2 javelins
 j - 4 curare-tipped darts (quivered)
 m - 5 poisoned darts
 q - a throwing net
Armour
 c - a +2 helmet (melded)
 d - the +1 cloak of Magic (melded) {Str+5 Stlth-}
   (You acquired it on level 4 of the Dungeon)

   Str:       It affects your strength (+5).
   Stlth:     It makes you less stealthy.
 e - +2 acid dragon scales (melded)
Jewellery
 v - a ring of wizardry (left branch)
 y - an amulet of magic regeneration
Wands
 b - a wand of polymorph (6)
 o - a wand of iceblast (16)
Scrolls
 h - 4 scrolls of fog
 i - 2 scrolls of blinking
 r - a scroll of identify
 s - a scroll of fear
 u - a scroll of magic mapping
Potions
 g - 2 potions of brilliance
 n - a potion of mutation
 w - a potion of magic


   Skills:
 - Level 4.6 Fighting
 + Level 9.6 Long Blades
 - Level 2.0 Throwing
 + Level 3.7 Armour
 - Level 7.6 Dodging
 - Level 5.3 Spellcasting
 - Level 5.2 Hexes


You had 15 spell levels left.
You knew the following spells:

 Your Spells              Type           Power      Damage    Failure   Level
a - Cause Fear            Hex            9%         N/A       9%          4

Your spell library contained the following spells:

 Spells                   Type           Power      Damage    Failure   Level
 Sandblast                Erth           6%         2d5       7%          1
 Summon Guardian Golem    Hex/Summ       11%        N/A       7%          3
 Passwall                 Tmut/Erth      2%         N/A       11%         2
 Stone Arrow              Conj/Erth      6%         3d7       21%         3
 Conjure Ball Lightning   Conj/Air       1%         3x3d6     100%        6
 Dragon Form              Tmut           1%         N/A       100%        7
 Orb of Destruction       Conj           1%         9d5       100%        7
 Spellforged Servitor     Conj/Summ      1%         N/A       100%        7
 Discord                  Hex            9%         N/A       100%        8
 Disjunction              Tloc           1%         N/A       100%        8
 Dragon's Call            Summ           1%         N/A       100%        9


Dungeon Overview and Level Annotations

Branches:
Dungeon (9/15)             Temple (1/1) D:5           Sewer (visited)
   Lair: D:8-11         Orc: D:9-12

Altars:
Ashenzari
Cheibriados
Dithmenos
Elyvilon
Fedhas
Gozag
Hepliaklqana
Kikubaaqudgha
Makhleb
Nemelex Xobeh
Okawaru
Qazlal
Ru
Sif Muna
Trog
Uskayaw
Vehumet
Wu Jian
Xom
Yredelemnul
Zin
The Shining One

Portals:
Abyss: D:3

Annotations:
D:3 2 transporters, YayAnonymity's ghost, amateur FoFi
D:4 2 transporters, Cecur's ghost, novice OpEE


Message History

You hear a bellow!
You closely miss the kobold brigand. The kobold hits you but does no damage.
The kobold brigand barely misses you.
You slash the kobold brigand!
The kobold brigand is heavily wounded.
You slash the kobold!
You kill the kobold!
Dithmenos accepts your kill.
The kobold brigand completely misses you.
A kobold comes into view. It is wielding a +0 dagger.
The kobold shouts!
You hear a shout!
The kobold brigand throws a curare-tipped dart.
The curare-tipped dart hits you.
You are poisoned.
You have difficulty breathing.
* * * LOW HITPOINT WARNING * * *
You feel yourself slow down.
The kobold moves out of view.
Things that are here:
a +0 dagger; a kobold corpse Really quaff the potion of lignification?
You turn into a tree.
The +1 cloak of Magic {Str+5 Stlth-} melds into your body.
Your +2 helmet melds into your body.
Your +2 acid dragon scales melds into your body.
Your roots penetrate the ground.
You feel very sick.
A kobold comes into view. It is wielding a +0 club.
The kobold brigand hits you with a +0 short sword.
* * * LOW HITPOINT WARNING * * *
You slash the kobold brigand!
The kobold brigand is almost dead.
You feel very sick.
The kobold brigand hits you but does no damage.
You slash the kobold brigand!
You kill the kobold brigand!
Dithmenos accepts your kill.
You feel sick. The ogre hits you but does no damage.
You closely miss the ogre.
You feel sick.
The ogre hits you with a +0 giant spiked club!
You die...

......##c#Y###..##.........
...##..............##
...######......###..
...######Y.....#.(..
##.##..YY.......... ..
##.#..####../.....###...
.YYY.## #...##.........
##..## #....[.........
###.# .....#♣# # #.#
...###O# . ... #...###K#
...... #.K.##KK#### ...##.#
#K.........# .. ..
........##..# #######..
.... ##.. ... ... O.


You could see an ogre and 3 kobolds.

Vanquished Creatures
  A two-headed ogre (D:7)
  A troll (D:7)
  A slime creature (D:7)
  Sigmund (D:4)
  A wraith (D:7)
  6 yaks
  A water moccasin (D:4)
  An acid dragon (D:9)
  Pargi (Sewer)
  3 ice beasts
  A black bear (D:5)
  An orc warrior (D:9)
  An ogre (D:4)
  A centaur (D:6)
  2 kobold brigands
  A gnoll sergeant (D:5)
  3 bullfrogs
  Blork the orc (D:4)
  A necrophage (D:4)
  3 scorpions
  2 howler monkeys (D:6)
  7 hounds
  3 iguanas (D:6)
  An orc wizard (D:9)
  5 gnolls
  8 adders
  A river rat (D:3)
  A shadow imp (D:6)
  3 worms
  3 dart slugs
  4 orcs
  11 ball pythons
  11 endoplasms
  6 giant cockroaches
  6 goblins
  7 hobgoblins
  2 jackals (D:2)
  A quokka (D:1)
  2 bats (D:2)
  10 frilled lizards
  12 kobolds
  3 rats
141 creatures vanquished.

Notes
Turn   | Place    | Note
-------+----------+-------------------------------------------
     0 | D:1      | sizableburger the Deep Elf Gladiator began the quest for
                  | the Orb.
     0 | D:1      | Reached XP level 1. HP: 12/12 MP: 3/3
   130 | D:1      | Found a faded altar of an unknown god.
   177 | D:1      | Reached skill level 3 in Long Blades
   177 | D:1      | Reached XP level 2. HP: 17/17 MP: 4/4
   954 | D:2      | Reached XP level 3. HP: 22/22 MP: 5/5
  2221 | D:3      | Reached XP level 4. HP: 26/27 MP: 6/6
  2258 | D:3      | Found a one-way gate to the infinite horrors of the Abyss.
  2258 | D:3      | Noticed YayAnonymity's ghost (amateur FoFi)
  2432 | D:3      | Found a glowing drain.
  2533 | Sewer    | Entered a sewer
  2699 | Sewer    | Reached skill level 4 in Long Blades
  2701 | Sewer    | Noticed Pargi
  2732 | Sewer    | Killed Pargi
  2733 | Sewer    | Reached XP level 5. HP: 15/32 MP: 7/7
  3338 | D:3      | Noticed a small abomination
  3366 | D:3      | Found a transporter.
  3367 | D:3      | Found a transporter.
  3808 | D:4      | Noticed Cecur's ghost (novice OpEE)
  3808 | D:4      | Found a transporter.
  3808 | D:4      | Found a transporter.
  4160 | D:4      | Identified a scroll of acquirement
  4160 | D:4      | Acquired the +1 cloak of Magic {Str+5 Stlth-}
  4284 | D:4      | Noticed Blork the orc
  4293 | D:4      | Noticed Sigmund
  4464 | D:4      | Reached XP level 6. HP: 38/38 MP: 8/8
  4471 | D:4      | Noticed a water moccasin
  4483 | D:4      | Killed a water moccasin
  4484 | D:4      | Reached skill level 5 in Long Blades
  4752 | D:4      | Found a white marble altar of Elyvilon.
  4773 | D:4      | Killed Blork the orc
  4774 | D:4      | Reached XP level 7. HP: 38/44 MP: 9/9
  5141 | D:4      | Killed Sigmund
  5142 | D:4      | Reached skill level 6 in Long Blades
  5387 | D:5      | Entered Level 5 of the Dungeon
  5400 | D:5      | Reached skill level 5 in Dodging
  5606 | D:5      | Reached XP level 8. HP: 42/48 MP: 10/10
  5885 | D:5      | Reached skill level 7 in Long Blades
  6019 | D:5      | Found a staircase to the Ecumenical Temple.
  6147 | Temple   | Entered the Ecumenical Temple
  6267 | Temple   | Became a worshipper of Dithmenos the Shadowed
  6995 | D:6      | Learned a level 4 spell: Cause Fear
  7070 | D:6      | Reached skill level 1 in Spellcasting
  7070 | D:6      | Reached skill level 1 in Hexes
  7612 | D:6      | You fall into a shaft and drop 3 floors!
  7612 | D:9      | Noticed a manticore
  7785 | D:9      | Reached skill level 8 in Long Blades
  7785 | D:9      | Reached XP level 9. HP: 28/52 MP: 13/15
  8072 | D:9      | Reached skill level 5 in Spellcasting
  8075 | D:9      | Reached skill level 5 in Hexes
  8838 | D:7      | Noticed a komodo dragon
  8840 | D:7      | Noticed a two-headed ogre
  8860 | D:7      | Reached skill level 1 in Armour
  9296 | D:7      | Reached skill level 9 in Long Blades
  9618 | D:7      | Killed a two-headed ogre
  9618 | D:7      | Noticed a troll
  9619 | D:7      | Reached XP level 10. HP: 53/58 MP: 19/19
  9782 | D:7      | Noticed a green ugly thing
  9978 | D:8      | Mangled by an ogre

Illustrated notes

Levels and vault maps discovered:
D:1:      psy_arrival_radial01, layout_loops_ring,
          shapermc_ecumenical_altar_flowoftime, item_on_display_a
D:2:      layout_loops_cross
D:3:      layout_basic, gammafunk_ghost_abyssal_escape, portal_sewer_entry_b,
          minivault_14, nrook_campfire
D:4:      layout_cave_pools, mainiacjoe_overflow_concentric_impassable,
          gammafunk_ghost_arena, hangedman_decor_clover_reticule,
          uniq_blork_the_orc, uniq_sigmund
D:5:      layout_rooms, minmay_temple_entry_butterflies, serial_bayou_ford_a,
          hangedman_abyss_or_decor_passed, st_stairs_1
D:6:      layout_basic
D:7:      minmay_blocky_corners, layout_basic, serial_rivers,
          chequers_serial_rivers_room_a, chequers_serial_rivers_small_b,
          chequers_serial_rivers_large_b, chequers_serial_rivers_micro_c,
          chequers_serial_rivers_marsh
D:8:      layout_rooms
D:9:      minmay_weird_star, layout_long_grid
Temple:   kilobyte_greek_temple

Skill      XL: |  1  2  3  4  5  6  7  8  9 |
---------------+----------------------------+-----
Long Blades    | 3 4 5 6 8 9 |  9.6
Fighting       | 2 3 4 |  4.6
Dodging        | 6 7 |  7.6
Spellcasting   | 2 5 |  5.3
Hexes          | 2 5 |  5.2
Armour         | 3 |  3.7
Throwing       | |  2.0

Action                   |  1- 3 |  4- 6 |  7- 9 | 10-12 || total
-------------------------+-------+-------+-------+-------++-------
Melee: Long sword        |   102 |   101 |   237 |    31 ||   471
       Punch             |     1 |     1 |     5 |       ||     7
       Dagger            |       |    76 |    56 |       ||   132
Throw: Throwing net      |     1 |     2 |       |       ||     3
       Javelin           |       |     1 |     8 |     2 ||    11
       Dart              |       |       |    14 |     4 ||    18
 Cast: Cause Fear        |       |       |     8 |     5 ||    13
Evoke: Wand              |       |       |     2 |       ||     2
  Use: Potion            |       |     6 |     2 |     4 ||    12
       Scroll            |       |    12 |    13 |     1 ||    26
 Stab: Sleeping          |     3 |     2 |       |       ||     5
       Distracted        |     2 |       |     1 |       ||     3
       Held in net/web   |       |     1 |       |       ||     1
Armor: Leather armour    |    23 |    45 |    75 |       ||   143
       Skin              |       |    39 |       |     2 ||    41
       Acid dragon scale |       |       |    16 |     9 ||    25
Dodge: Dodged            |    56 |   108 |   233 |    32 ||   429

Table legend: (Time is in decaauts)
 A = Elapsed time spent in this place.
 B = Non-inter-level travel time spent in this place.
 C = Inter-level travel time spent in this place.
 D = Time resting spent in this place.
 E = Time spent auto-exploring this place.
 F = Levels seen in this place.
 G = Mean time per level.
                   A        B        C        D        E       F      G
               +--------+--------+--------+--------+--------+-----+--------+
         Total |  10108 |   9494 |    614 |   2937 |   4641 |  11 |  918.9 |
       Dungeon |   9358 |   8791 |    567 |   2640 |   4417 |   9 | 1039.8 |
        Temple |    168 |    121 |     47 |      0 |    107 |   1 |  168.0 |
         Sewer |    581 |    581 |      0 |    297 |    117 |   1 |  581.0 |
               +--------+--------+--------+--------+--------+-----+--------+

Top non-repeatable levels by time:
     D:3: 1809 daAuts
     D:6: 1492 daAuts
     D:7: 1152 daAuts
     D:4: 1101 daAuts
     D:1: 1012 daAuts
     D:2: 993 daAuts
     D:5: 785 daAuts
     D:9: 659 daAuts
   Sewer: 581 daAuts
     D:8: 352 daAuts
  Temple: 168 daAuts
